 Dungeon Crawl Stone Soup version 0.23.2-30-g0e89c35649 (webtiles) character file.

Game seed: 11178267057807919672

527 Matador8 the Sneak (level 7, 0/46 HPs)
             Began as a Vampire Enchanter on June 20, 2019.
             Was an Initiate of Nemelex Xobeh.
             Slain by a killer bee (3 damage)
             ... on level 3 of the Dungeon.
             The game lasted 00:26:06 (5916 turns).

Matador8 the Sneak (Vampire Enchanter)              Turns: 5916, Time: 00:26:08

Health: 0/46       AC:  3    Str:  8    XL:     7   Next: 2%
Magic:  2/10       EV: 12    Int: 19    God:    Nemelex Xobeh [......]
Gold:   207        SH:  0    Dex: 14    Spells: 3/10 levels left

rFire    . . .     SeeInvis +   a - +1 dagger
rCold    + . .     Gourm    .   (no shield)
rNeg     + + .     Faith    .   m - +0 leather armour
rPois    +         Spirit   .   (no helmet)
rElec    +         Reflect  .   (no cloak)
rCorr    .         Harm     .   (no gloves)
MR       .....                  (no boots)
Stlth    ++++......             (no amulet)
HPRegen  0.07/turn              (no ring)
MPRegen  0.12/turn              (no ring)

@: lethally poisoned (0 -> -11), regenerating slowly
A: fangs 3, see invisible, electricity resistance, unbreathing, MP-powered wands
a: Bat Form, Draw Escape, Draw Destruction, Draw Summoning, Renounce Religion


You were on level 3 of the Dungeon.
You worshipped Nemelex Xobeh.
Nemelex Xobeh was noncommittal.
You were thirsty.

You visited 2 branches of the dungeon, and saw 5 of its levels.

You collected 207 gold pieces.

Inventory:

Hand Weapons
 a - a +1 dagger (weapon)
Armour
 b - a +0 robe
 e - a +0 scale mail
 m - a +0 leather armour (worn)
 t - a +0 shield
Jewellery
 l - an uncursed ring of stealth {unknown}
 n - an uncursed ring of protection from fire {unknown}
 v - an uncursed ring of magical power {unknown}
Scrolls
 c - 2 scrolls of teleportation {unknown}
 f - a scroll of random uselessness {unknown}
 h - 5 scrolls of identify {unknown}
 o - 3 scrolls of remove curse {unknown}
 p - a scroll of amnesia {unknown}
 q - 4 scrolls of magic mapping {unknown}
 u - a scroll of immolation {unknown}
Potions
 d - 7 potions of blood
 g - a potion of mutation
 i - 2 potions of might {unknown}
 j - a potion of agility {unknown}
 k - 2 potions of degeneration {unknown}
 r - 2 potions of heal wounds {unknown}
 s - a potion of berserk rage {unknown}


   Skills:
 - Level 6.3 Short Blades
 - Level 2.1 Dodging
 * Level 6.6 Stealth
 - Level 2.0 Spellcasting
 * Level 6.1 Hexes
 + Level 1.0 Invocations


You had 3 spell levels left.
You knew the following spells:

 Your Spells              Type           Power        Failure   Level  Hunger
a - Corona                Hex            ####...      1%          1    #......
b - Confuse               Hex            ####....     6%          3    ###....
c - Tukima's Dance        Hex            ####....     6%          3    ###....

Your spell library contained the following spells:

 Spells                   Type           Power        Failure   Level  Hunger
 Ensorcelled Hibernation  Hex/Ice        ##....       11%         2    ###....
 Dazzling Spray           Conj/Hex       ##....       21%         3    ###....


Dungeon Overview and Level Annotations

Branches:
Dungeon (4/15)             Temple (1/1) D:4

Altars:
Ashenzari
Cheibriados
Dithmenos
Fedhas
Gozag
Hepliaklqana
Kikubaaqudgha
Nemelex Xobeh
Okawaru
Qazlal
Ru
Sif Muna
Vehumet
Xom
Yredelemnul
Zin
The Shining One


Innate Abilities, Weirdness & Mutations

You heal slowly.
You have razor-sharp teeth.
You have supernaturally acute eyesight. (SInv)
You can survive without breathing.
You are resistant to electric shocks. (rElec)
You expend magic power (3 MP) to strengthen your wands.


Message History

You climb upwards.
There is a stone staircase leading down here.
Casting: Confuse (safe; 6% risk of failure)
Confirm with . or Enter, or press ? or * to list all spells.
Aiming: Confuse (safe; 6% risk of failure)
Press: ? - help, Shift-Dir - straight line, f - killer bee
Aim: a killer bee (chance to defeat MR: 63%)
The killer bee resists with significant effort.
The killer bee stings you!
* * * LOW HITPOINT WARNING * * *
You are lethally poisoned!
The killer bee poisons you! The killer bee stings you!
* * * LOW HITPOINT WARNING * * *
It was a potion of mutation.
You feel extremely strange.
You feel insulated.
You feel your magical essence link to your wands.
* * * LOW HITPOINT WARNING * * *
You feel sick. The killer bee stings you.
You die...
Your body disappears without a glow.

...# #.....#
#.#.. ...#
##.#.##
####.#.. ...#
#...#
#####....#.#
...# ##..#
#......###..
...# #..#
#.###.......
.### #######.#
#.# ##.###.# .#
#.....#.# #.#
#...... ##
#.###.#y#####.#
#####.#
#.#....@......#
#...#
#.#.#.#.#######
#.### #...#...#
#.... #########
#####


You could see a killer bee.

Vanquished Creatures
  2 ogres (D:4)
  A killer bee (D:4)
  A centaur skeleton (D:4)
  2 orc priests
  2 orc wizards
  A worker ant (D:4)
  4 adders
  A worm (D:4)
  2 leopard geckos (D:4)
  16 orcs
  7 hobgoblins
  5 kobolds
  2 quokkas
  6 bats
  3 frilled lizards
  3 goblins (D:1)
  7 rats
65 creatures vanquished.

Vanquished Creatures (collateral kills)
  A killer bee (D:4)
  2 orcs (D:4)
3 creatures vanquished.

Vanquished Creatures (others)
  4 toadstools (D:1)
4 creatures vanquished.

Grand Total: 72 creatures vanquished

Notes
Turn   | Place    | Note
-------+----------+-------------------------------------------
     0 | D:1      | Matador8 the Vampire Enchanter began the quest for the Orb.
     0 | D:1      | Reached XP level 1. HP: 13/13 MP: 3/3
   273 | D:1      | Reached XP level 2. HP: 11/19 MP: 3/5
   957 | D:2      | Reached skill level 5 in Stealth
  1676 | D:1      | Reached XP level 3. HP: 13/24 MP: 4/6
  1700 | D:1      | Learned a level 3 spell: Confuse
  2576 | D:3      | Reached XP level 4. HP: 30/30 MP: 7/7
  2666 | D:2      | Reached skill level 5 in Hexes
  3430 | D:4      | Found a hazy altar of Hepliaklqana.
  3557 | D:4      | HP: 1/30 [orc (3)]
  3841 | D:4      | Noticed an ogre
  3872 | D:4      | Found a staircase to the Ecumenical Temple.
  3923 | D:4      | Noticed an ogre
  4026 | D:4      | Killed an ogre
  4026 | D:4      | Reached skill level 5 in Short Blades
  4026 | D:4      | Reached XP level 5. HP: 35/35 MP: 8/8
  4088 | D:4      | Reached XP level 6. HP: 41/41 MP: 5/9
  4191 | D:4      | Learned a level 3 spell: Tukima's Dance
  5503 | Temple   | Entered the Ecumenical Temple
  5649 | Temple   | Became a worshipper of Nemelex Xobeh the Trickster
  5685 | D:4      | Received a gift from Nemelex Xobeh
  5752 | D:4      | Reached XP level 7. HP: 31/46 MP: 1/10
  5766 | D:4      | Reached skill level 1 in Invocations
  5916 | D:3      | Gained mutation: You are resistant to electric shocks.
                  | (rElec) [potion of mutation]
  5916 | D:3      | Gained mutation: You expend magic power (3 MP) to
                  | strengthen your wands. [potion of mutation]
  5916 | D:3      | Slain by a killer bee

Skill      XL: |  1  2  3  4  5  6  7 |
---------------+----------------------+-----
Short Blades   | 2 3 5 6 |  6.3
Stealth        | 5 6 |  6.6
Hexes          | 5 6 |  6.1
Invocations    | 1 |  1.0
Dodging        | |  2.1
Spellcasting   | |  2.0

Action                   |  1- 3 |  4- 6 |  7- 9 || total
-------------------------+-------+-------+-------++-------
Melee: Dagger            |   114 |   147 |    22 ||   283
       Bite              |     6 |    19 |     2 ||    27
 Cast: Corona            |    17 |     9 |     1 ||    27
       Confuse           |     3 |    14 |     5 ||    22
       Tukima's Dance    |       |     4 |       ||     4
 Abil: End Transformatio |     1 |     3 |       ||     4
       Bat Form          |     1 |     3 |       ||     4
       Draw Destruction  |       |     1 |       ||     1
  Use: Potion            |     5 |     9 |     2 ||    16
 Stab: Sleeping          |     8 |    10 |       ||    18
       Confused          |     1 |     5 |     1 ||     7
Armor: Robe              |    11 |       |       ||    11
       Leather armour    |     3 |    13 |     4 ||    20
Dodge: Dodged            |    64 |    80 |    14 ||   158
